 Dungeon Crawl Stone Soup version 0.17-a0-1446-gc28613e (webtiles) character file.

694 pulse the Sneak (level 7, -12/50 HPs)
             Began as a Vampire Enchanter on June 28, 2015.
             Killed by nerve-wracking pain
             ... invoked by Grinder
              (13 damage)
             ... on level 4 of the Dungeon.
             The game lasted 00:13:26 (4258 turns).

pulse the Sneak (Vampire Enchanter)                 Turns: 4258, Time: 00:13:26

Health: -12/50     AC: 11    Str:  8    XL:     7   Next: 37%
Magic:  10/10      EV: 11    Int: 18    God:
Gold:   151        SH:  0    Dex: 15    Spells: 1 memorised, 9 levels left

rFire  . . .     SeeInvis +     i - +1 short sword (drain)
rCold  + + .     Clarity  .     h - +0 ring mail
rNeg   + + +     SustAt   .     (no shield)
rPois  +         Gourm    .     l - +2 helmet
rElec  .         Spirit   .     k - +0 cloak
rCorr  .         Warding  .     (no gloves)
rMut   .         Stasis   .     o - +0 pair of boots
MR     .....                    (no amulet)
Stlth  +++.......               (no ring)
                                (no ring)

@: about to teleport, regenerating slowly, not resistant to hostile
enchantments, fairly stealthy
A: fangs 3, see invisible, unbreathing
a: Bat Form


You were on level 4 of the Dungeon.
You were near bloodless.

You visited 1 branch of the dungeon, and saw 4 of its levels.

You collected 151 gold pieces.

Inventory:

Hand weapons
 i - a +1 short sword of draining (weapon)
Armour
 f - a +0 shield
 h - a +0 ring mail (worn)
 k - a +0 cloak (worn)
 l - a +2 helmet (worn)
 o - a +0 pair of boots (worn)
Magical devices
 q - a wand of fire (8)
Scrolls
 a - a scroll of teleportation
 j - 2 scrolls of remove curse
 n - a scroll of random uselessness {unknown}
Potions
 b - a potion of heal wounds
 d - 4 potions of blood
 e - 2 potions of curing
 g - a potion of magic
 p - a potion of mutation {unknown}
 r - a potion of ambrosia {unknown}
Books
 c - a book of Maledictions

   Spells                             Type                      Level
   a - Corona                         Hexes                        1
   b - Ensorcelled Hibernation        Hexes/Ice                    2
   c - Confuse                        Hexes                        3
   d - Tukima's Dance                 Hexes                        3
   e - Dazzling Spray                 Conjuration/Hexes            3


   Skills:
 + Level 2.1 Fighting
 + Level 3.2 Short Blades
 + Level 3.5 Armour
 + Level 4.0 Dodging
 + Level 6.6 Stealth
 + Level 2.3 Spellcasting
 + Level 5.8 Hexes


You had 9 spell levels left.
You knew the following spells:

 Your Spells              Type           Power        Failure   Level  Hunger
a - Corona                Hex            ###....      6%          1    #......


Dungeon Overview and Level Annotations

Branches:
Dungeon (4/15)
 Temple: D:4-7

Altars:

Annotations:
D:4 Grinder


Innate Abilities, Weirdness & Mutations

You heal slowly.
You have razor-sharp teeth.
You have supernaturally acute eyesight.
You can survive without breathing.


Message History

Grinder says, "You look like you could use a good racking."
Grinder gestures.
Grinder blinks!
The kobold hits you but does no damage. The kobold hits you with a club.
* * * LOW HITPOINT WARNING * * *
The kobold hits you but does no damage.
Grinder gestures.
Grinder blinks!
The kobold hits you but does no damage.
You can move again.
Unknown command.
As you read the scroll of teleportation, it crumbles to dust.
You feel strangely unstable. Grinder hits you!
* * * LOW HITPOINT WARNING * * *
The kobold hits you but does no damage. Grinder hits you.
* * * LOW HITPOINT WARNING * * *
Unknown command.
Grinder gestures at you. Pain shoots through your body!
You die...

....#...##.# #.#
.........#.###.#
.#....#........#
##..#...##.##### #.
....#......# ## ..
........#### ##.###.#
#.##.##.# ###5#....#
##.....## #..K...# ##
##.).## #.##@#.# #.
#..># #.##.# # #. #...#
#.##.#.# #.
#...#######.##(#.# #.
###...##...........# #.
.........###.###.#####.
#. .........#
#.#......... #.
.........###.#.#...#
##.
###..[##...........#
#..


You could see Grinder and a kobold.

Vanquished Creatures
  A hippogriff (D:3)
  The ghost of Kidiri the Stinger, an average DsVM (D:3)
  Duvessa (D:4)
  An ogre (D:3)
  Dowan (D:4)
  An orc wizard (D:4)
  Natasha (thrice) (D:2 D:4)
  2 worker ants
  A hound skeleton (D:4)
  2 adders (D:2)
  An ooze (D:1)
  2 giant geckos
  3 orcs
  4 ball pythons
  5 giant cockroaches
  4 hobgoblins
  4 jackals (D:1)
  A quokka (D:2)
  10 bats
  6 giant newts
  4 goblins
  11 kobolds
  5 rats
74 creatures vanquished.

Notes
Turn   | Place    | Note
--------------------------------------------------------------
     0 | D:1      | pulse the Vampire Enchanter began the quest for the Orb.
     0 | D:1      | Reached XP level 1. HP: 13/13 MP: 3/3
   115 | D:1      | Reached skill level 5 in Hexes
   119 | D:1      | Reached XP level 2. HP: 19/19 MP: 5/5
   609 | D:1      | Reached skill level 5 in Stealth
   983 | D:1      | Reached XP level 3. HP: 21/24 MP: 6/6
  1699 | D:2      | Reached skill level 1 in Armour
  1812 | D:2      | Noticed Natasha
  1820 | D:2      | Killed Natasha
  1820 | D:2      | Reached XP level 4. HP: 24/31 MP: 7/7
  1859 | D:2      | Noticed Natasha
  1884 | D:2      | Killed Natasha
  1884 | D:2      | Reached skill level 1 in Fighting
  2572 | D:3      | Noticed an ogre
  2575 | D:3      | Killed an ogre
  2575 | D:3      | Reached XP level 5. HP: 31/37 MP: 8/8
  2636 | D:3      | Noticed Kidiri's ghost (average DsVM)
  2669 | D:3      | Killed Kidiri's ghost
  2669 | D:3      | Reached XP level 6. HP: 25/43 MP: 9/9
  3196 | D:3      | Noticed a hippogriff
  3209 | D:3      | Killed a hippogriff
  3409 | D:4      | Reached XP level 7. HP: 34/49 MP: 10/10
  3595 | D:4      | Noticed Grinder
  3716 | D:4      | Noticed Dowan
  3720 | D:4      | Noticed Duvessa
  3721 | D:4      | Killed Dowan
  3721 | D:4      | Reached skill level 6 in Stealth
  3784 | D:4      | Killed Duvessa
  3857 | D:4      | Noticed Natasha
  3860 | D:4      | Killed Natasha
  4234 | D:4      | Paralysed by Grinder for 7 turns
  4251 | D:4      | Paralysed by Grinder for 6 turns
  4257 | D:4      | HP: 1/50 [Grinder (2)]
  4258 | D:4      | Killed from afar by Grinder

Vault maps used:
D:1:      saegor_arrival_simple_d
D:2:      uniq_natasha
D:3:      kennysheep_crisscross
D:4:      uniq_grinder, uniq_duvessa

Action                   |  1- 3 |  4- 6 |  7- 9 || total
-------------------------+-------+-------+-------++-------
Melee: Dagger            |    28 |       |       ||    28
       Short sword       |   123 |   137 |    50 ||   310
 Cast: Corona            |       |     2 |       ||     2
Evoke: Wand              |       |       |     1 ||     1
  Use: Potion            |     2 |     6 |     2 ||    10
       Scroll            |     2 |     2 |     3 ||     7
 Stab: Sleeping          |     1 |     4 |     4 ||     9
